 Dungeon Crawl Stone Soup version 0.27-a0-1513-g2aaa0cc67b (webtiles) character file.

Game seed: 1705563771216052468

41 Sobieck the Skirmisher (level 3, -2/60 HPs)
             Began as an Ogre Berserker on July 9, 2021.
             Was a Follower of Trog.
             Slain by a gnoll (4 damage)
             ... on level 1 of the Dungeon.
             The game lasted 00:02:36 (1265 turns).

Sobieck the Skirmisher (Ogre Berserker)             Turns: 1265, Time: 00:02:37

Health: -2/60      AC:  3    Str: 22    XL:     3   Next: 52%
Magic:  3/3        EV: 10    Int:  8    God:    Trog [*.....]
Gold:   38         SH:  0    Dex:  8    Spells: 2/2 levels left

rFire    . . .     SeeInvis .   a - +0 mace {mace}
rCold    . . .     Faith    .   (no shield)
rNeg     . . .     Spirit   .   g - +0 animal skin
rPois    .         Reflect  .   d - +0 hat
rElec    .         Harm     .   (no cloak)
rCorr    .         Rampage  .   (gloves unavailable)
Will     +....                  (boots unavailable)
Stlth    ..........             c - amulet of magic regeneration {@e2}
HPRegen  0.20/turn              k - ring of willpower
MPRegen  0.33/turn              (no ring)

@: berserking, lethally poisoned (-2 -> -42), very quick
A: large, unfitting armour, tough skin 1
a: Renounce Religion, Berserk


You were on level 1 of the Dungeon.
You worshipped Trog.
Trog was aware of your devotion.
You visited 1 branch of the dungeon, and saw 2 of its levels.

You collected 38 gold pieces.


Innate Abilities, Weirdness & Mutations

You are too large for most types of armour.
You have tough skin. (AC +1)


   Skills:
 + Level 4.5 Fighting
 * Level 3.4 Maces & Flails
 + Level 3.1 Dodging


You had 2 spell levels left.
You didn't know any spells.
Your spell library was empty.

Inventory:

Hand Weapons
 a - a +0 mace (weapon) {mace}
 b - a +0 hunting sling {sling}
   (You took it off a goblin on level 2 of the Dungeon)
 e - a +1 dagger of draining {short}
   (You took it off a goblin on level 2 of the Dungeon)
 l - a +0 spear of venom {polearm}
   (You took it off a gnoll on level 1 of the Dungeon)
Missiles
 f - 20 stones (quivered) {throwing}
 h - 11 poisoned darts {throwing}
Armour
 d - a +0 hat (worn)
   (You found it on level 1 of the Dungeon)
 g - a +0 animal skin (worn)
Jewellery
 c - an amulet of magic regeneration (around neck) {@e2}
   (You found it on level 1 of the Dungeon)
 k - a ring of willpower (left hand)
   (You found it on level 1 of the Dungeon)
Scrolls
 i - a scroll of fog {unknown}
Potions
 j - a potion of degeneration {unknown}

Dungeon Overview and Level Annotations

Branches:
Dungeon (2/15)

Altars:

Annotations:
D:1 exclusion: downstairs
D:2 Sigmund

#.#.##.###.#.##.###.## #......
..#.##.###.#.##.##...######..##..
###.##.............#.).......##..
##.............##...#######.####
##..............###.########.# #
....##..##...................# #
#............................####
....##....#....####.########.##..
#....##.#....>{g@...# #.##.#
#....##.#####..###### #.##.#
#....##....##..# ###.##.#
.....#####.##..# #...##.#
##.............# #.####.#
#....###...#.## #.# #.#
#............# #.# #.#
##...###...### #.# #.#
####.#####.## #.# #.#


You could see a gnoll.


Message History

😮 HP[-1]
You take 1 damage, and now have 30/40 hp.
You feel sick. The gnoll completely misses you.
There is a stone staircase leading up, spattered with blood here. 😮 HP[-2]
You take 2 damage, and now have 28/40 hp.
You feel sick.
The gnoll hits you with a +0 spear of venom.
You are more poisoned.
You climb upwards.
Level annotation: exclusion: downstairs You feel very sick.
There is a stone staircase leading down here. 😨 HP[-10]
You take 10 damage, and now have 18/40 hp.
MASSIVE DAMAGE!! (PAUSE) Unknown command.
a - a +0 mace (weapon)
{mace} You feel sick.
The gnoll misses you. 😨 HP[-1]
You take 1 damage, and now have 17/40 hp.
A red film seems to cover your vision as you go berserk!
You feel yourself moving faster!
You feel mighty!
You feel sick.
The gnoll hits you with a +0 spear of venom.
* * * LOW HITPOINT WARNING * * *
😨 HP[+1]
You now have 60 max hp (+20).
You sock the gnoll!
You kill the gnoll!
Trog accepts your kill.
You feel sick. 😨 HP[-1]
You take 1 damage, and now have 17/60 hp.
l - a +0 spear of venom {polearm} You feel sick. 😨 HP[-1]
You take 1 damage, and now have 16/60 hp.
You start resting.
You feel a strong urge to attack something.
You feel sick. x2
You feel your anger nearly subside.
You are no longer berserk.
You are exhausted.
You feel yourself slow down.
You feel sick.
You are no longer poisoned.
You feel yourself speed up.
You recover from your berserk rage.
Unknown command. 😕 HP[+17]
You now have 40 max hp (-20).
You regained 17 hp, and now have 33/40 hp.
You start resting. 😎 HP[+7]
Your hp is fully restored (40).
Unknown command.
There is a stone staircase leading down here.
You climb downwards.
Level annotation: Sigmund
There is a stone staircase leading up, spattered with blood here.
Unknown command.
Sigmund barely misses you. The gnoll barely misses you.
Sigmund gestures wildly while chanting.
Sigmund flickers and vanishes!
Deactivating autopickup; reactivate with Ctrl-A.
There is a stone staircase leading up, spattered with blood here.
Unknown command.
You hear some strange, mumbled words.
A magic dart appears from out of thin air!
The magic dart hits you. The gnoll completely misses you.
You climb upwards.
Level annotation: exclusion: downstairs Reactivating autopickup.
There is a stone staircase leading down here. 😕 HP[-6]
You take 6 damage, and now have 34/40 hp.
Something hits you.
You are poisoned.
Deactivating autopickup; reactivate with Ctrl-A. 😕 HP[-3]
You take 3 damage, and now have 31/40 hp.
You feel sick. Something hits you.
You are more poisoned. 😮 HP[-8]
You take 8 damage, and now have 23/40 hp.
You feel sick. Something hits you!
* * * LOW HITPOINT WARNING * * *
You are lethally poisoned! 😨 HP[-12]
You take 12 damage, and now have 11/40 hp.
MASSIVE DAMAGE!! (PAUSE)
A red film seems to cover your vision as you go berserk!
You feel yourself moving faster!
You feel mighty!
* * * LOW HITPOINT WARNING * * *
You feel extremely sick. Something hits you!
* * * LOW HITPOINT WARNING * * *
You are more poisoned.
The gnoll hits you with a +0 whip.
You die...

Skill      XL: |  1  2 |
---------------+-------+-----
Maces & Flails | 3 |  3.4
Dodging        | 3 |  3.1
Fighting       | |  4.5

Action                   || total
-------------------------++-------
Melee: Mace              ||    48
 Fire: Hunting sling     ||    18
Invok: Berserk           ||     4
Armor: Animal skin       ||    21
Dodge: Dodged            ||    45

Levels and vault maps discovered:
D:1:      saegor_arrival_simple_a, layout_loops_ring,
          hellmonk_ecumenical_altar_inner_sanctum
D:2:      layout_rooms, basic_altar, uniq_sigmund

Notes
Turn   | Place    | Note
-------+----------+-------------------------------------------
     0 | D:1      | Sobieck the Ogre Berserker began the quest for the Orb.
     0 | D:1      | Reached XP level 1. HP: 24/24 MP: 1/1
     0 | D:1      | magus.rc [v1.9.6]
   307 | D:2      | Reached XP level 2. HP: 32/32 MP: 2/2
   317 | D:2      | Reached skill level 3 in Maces & Flails
   570 | D:2      | Noticed Sigmund
   635 | D:1      | Reached skill level 3 in Dodging
   643 | D:1      | Reached XP level 3. HP: 40/40 MP: 3/3
   783 | D:1      | Found a faded altar of an unknown god.
  1014 | D:1      | HP: 15/60 [poisoned by a gnoll]
  1265 | D:1      | HP: 10/60 [poisoned by Sigmund]
  1265 | D:1      | HP: 2/60 [something (8)]
  1265 | D:1      | Slain by a gnoll

Vanquished Creatures
  A gnoll (D:1)
  2 dart slugs (D:1)
  An endoplasm (D:1)
  2 giant cockroaches (D:1)
  3 hobgoblins
  3 kobolds (D:1)
  A quokka (D:1)
  A ball python (D:1)
  4 bats (D:1)
  A frilled lizard (D:2)
  5 goblins
  A rat (D:1)
25 creatures vanquished.

Table legend:
 A = Non-vault XP
 B = Vault XP
 C = Vault XP percentage of total XP
 D = Non-vault monster count
 E = Vault monster count
 F = Vault count percentage of total count
                 A         B        C        D         E       F
            +---------+---------+-------+---------+---------+-------
      Total |      59 |       0 |   0.0 |      25 |       0 |   0.0
            +---------+---------+-------+---------+---------+-------
        D:1 |      52 |       0 |   0.0 |      21 |       0 |   0.0
        D:2 |       7 |       0 |   0.0 |       4 |       0 |   0.0
            +---------+---------+-------+---------+---------+-------

Illustrated notes

Table legend:
 A = Kills in this place as a percentage of kills in entire the game.
 B = Kills by you in this place as a percentage of kills by you in the entire game.
 C = Kills by friends in this place as a percentage of kills by friends in the entire game.
 D = Other kills in this place as a percentage of other kills in the entire game.
 E = Experience gained in this place as a percentage of experience gained in the entire game.
 F = Experience gained in this place divided by the number of levels of this place that you have seen.
                   A       B       C       D       E      F
               +-------+-------+-------+-------+-------+----------------------
         Total | 100.0 | 100.0 |   N/A |   N/A | 100.0 |  29.5
       Dungeon | 100.0 | 100.0 |   N/A |   N/A | 100.0 |  29.5
               +-------+-------+-------+-------+-------+----------------------

Table legend: (Time is in decaauts)
 A = Elapsed time spent in this place.
 B = Non-inter-level travel time spent in this place.
 C = Inter-level travel time spent in this place.
 D = Time resting spent in this place.
 E = Time spent auto-exploring this place.
 F = Levels seen in this place.
 G = Mean time per level.
                   A        B        C        D        E       F      G
               +--------+--------+--------+--------+--------+-----+--------+
         Total |   1310 |   1236 |     74 |    476 |    560 |   2 |  655.0 |
       Dungeon |   1310 |   1236 |     74 |    476 |    560 |   2 |  655.0 |
               +--------+--------+--------+--------+--------+-----+--------+

Top non-repeatable levels by time:
     D:1: 1255 daAuts
     D:2: 54 daAuts
